cohdb
Replays
Latest Replays
All Replays
Popular Replays
Top Player Replays
Match Explorer
How It Works
Community
CoH3 Stats
Reddit
Sign in to upload your games and track your stats! →
Sign in with Steam
Match 43865688
Unlisted
Match 43865688
Overview
Messages
Build Orders
End
Scout Squad
Construct Barracks
Selects Armored Battlegroup
Selects Veteran Crews
1⁄4-ton 4x4 Truck
1⁄4-ton 4x4 Truck
Riflemen Squad
Riflemen Squad
Construct Medical Station
Scout Squad
Infantry Support Center
Construct Motor Pool
M1 Mortar Team
M24 Chaffee Light Tank
Engineer Squad
Selects Strength in Steel
Riflemen Squad
M8 Greyhound Armored Car
Scout Squad
Captain Retinue
M1 Anti-tank Gun Team
Selects Seek and Destroy
M1 Anti-tank Gun Team
Construct Tank Depot
Scout Squad
Construct Weapon Support Center
Selects UNKNOWN (2160077)
Selects M31 Recovery Vehicle
Selects War Machine
M4A3E8 Sherman Easy Eight
Seek and Destroy
Engineer Squad
M31 Recovery Vehicle
M4A3E8 Sherman Easy Eight
Engineer Squad
Captain Retinue
Scout Squad
M18 Hellcat Tank Destroyer
Seek and Destroy
M18 Hellcat Tank Destroyer
M18 Hellcat Tank Destroyer
M1919 Machine Gun Team
Bazooka Squad
Seek and Destroy
Jopjahh
FreeMaxD
OceanGrown
MeGBill
Z-fuzi
(CB7) (DU)(7-4-7)(B0iz)
0
0
Comments
sign in to comment!
No comments posted yet!